 Dungeon Crawl Stone Soup version 0.31-a0-859-g9dce7d3444 (webtiles) character file.

Game seed: 17889616042184454536

56 promet the Digger (level 3, -7/28 HPs)
             Began as a Demigod Earth Elementalist on Oct 10, 2023.
             Killed from afar by Terence (10 damage)
             ... with a puff of flame
             ... on level 2 of the Dungeon.
             The game lasted 00:10:15 (3155 turns).

promet the Digger (Demigod Earth Elementalist)      Turns: 3155, Time: 00:10:17

Health: -7/28      AC:  2    Str:  9    XL:     3   Next: 47%
Magic:  2/9        EV: 12    Int: 21    God:
Gold:   92         SH:  0    Dex: 14    Spells: 5/6 levels left

rFire   . . .        l - +2 dagger (venom)
rCold   . . .        (no shield)
rNeg    . . .        f - +0 robe
rPois   .            (no helmet)
rElec   .            (no cloak)
rCorr   .            (no gloves)
SInv    .            (no boots)
Will    .....        (no amulet)
Stlth   ++           (no ring)
HPRegen 0.24/turn    (no ring)
MPRegen 0.11/turn

%: no passive effects
@: hasted, very quick
A: high MP 1, forlorn, divine attributes
a: no special abilities


You were on level 2 of the Dungeon.
You visited 1 branch of the dungeon, and saw 2 of its levels.

You collected 92 gold pieces.

Inventory:

Hand Weapons
 a - a +0 flail
 c - a +0 spear
 i - a +0 sling
 k - a +0 mace
 l - a +2 dagger of venom (weapon)
Missiles
 e - 4 boomerangs (quivered)
Armour
 f - a +0 robe (worn)
Jewellery
 m - a ring of positive energy
Scrolls
 d - 2 scrolls of noise
Potions
 b - a potion of magic
 g - a potion of enlightenment
 h - a potion of degeneration {unknown}
 j - a potion of haste
 n - a potion of heal wounds {unknown}


   Skills:
 * Level 1.0 Fighting
 + Level 0.6 Maces & Flails
 + Level 0.5 Ranged Weapons
 + Level 2.0 Dodging
 + Level 1.9 Stealth
 + Level 0.5 Unarmed Combat
 + Level 2.2 Spellcasting
 + Level 0.8 Transmutations
 * Level 3.0 Earth Magic


You had 5 spell levels left.
You knew the following spells:

 Your Spells              Type           Power      Damage    Failure   Level
a - Sandblast             Erth           30%        2d9       4%          1

Your spell library contained the following spells:

 Spells                   Type           Power      Damage    Failure   Level
 Passwall                 Tmut/Erth      8%         N/A       10%         2
 Stone Arrow              Conj/Erth      16%        3d8       22%         3
 Petrify                  Tmut/Erth      10%        N/A       54%         4
 Brom's Barrelling Bould  Conj/Erth      8%         2d3       58%         4


Dungeon Overview and Level Annotations

Branches:
Dungeon (2/15)

Annotations:
D:2 Terence


Innate Abilities, Weirdness & Mutations

You have an increased reservoir of magic. (+10% MP)
You shall have no god before yourself.
Your divine heritage dramatically boosts your attributes as you level up.


Message History

The blast of sand hits Terence but does no damage.
Terence is severely wounded.
Terence closely misses you. Terence hits you with a +0 short sword.
Casting: Sandblast (safe; 4% risk of failure)
Confirm with . or Enter, or press ? or * to list all spells.
Aiming: Sandblast (safe; 4% risk of failure)
Press: ? - help, Shift-Dir - straight line, f/p - Terence
Aim: Terence, wielding a +0 short sword, wearing a +0 scale mail and carrying a wand of flame (severely wounded, 84% to hit)
The blast of sand hits Terence but does no damage.
Terence is severely wounded.
Terence closely misses you.
Casting: Sandblast (safe; 4% risk of failure)
Confirm with . or Enter, or press ? or * to list all spells.
Aiming: Sandblast (safe; 4% risk of failure)
Press: ? - help, Shift-Dir - straight line, f/p - Terence
Aim: Terence, wielding a +0 short sword, wearing a +0 scale mail and carrying a wand of flame (severely wounded, 84% to hit)
The blast of sand hits Terence.
Terence is almost dead.
Terence zaps a wand.
The puff of flame hits you!
* * * LOW HITPOINT WARNING * * *
Terence barely misses you.
Casting: Sandblast (safe; 4% risk of failure)
Confirm with . or Enter, or press ? or * to list all spells.
Okay, then.
You aren't carrying any items that you can evoke.
You feel yourself speed up.
Terence zaps a wand.
The puff of flame misses you.
Casting: Sandblast (safe; 4% risk of failure)
Confirm with . or Enter, or press ? or * to list all spells.
Aiming: Sandblast (safe; 4% risk of failure)
Press: ? - help, Shift-Dir - straight line, f/p - Terence
Aim: Terence, wielding a +0 short sword, wearing a +0 scale mail and carrying a wand of flame (almost dead, 84% to hit)
The blast of sand misses Terence.
Terence closely misses you.
Casting: Sandblast (safe; 4% risk of failure)
Confirm with . or Enter, or press ? or * to list all spells.
Aiming: Sandblast (safe; 4% risk of failure)
Press: ? - help, Shift-Dir - straight line, f/p - Terence
Aim: Terence, wielding a +0 short sword, wearing a +0 scale mail and carrying a wand of flame (almost dead, 84% to hit)
The blast of sand misses Terence.
Terence zaps a wand.
The puff of flame hits you!
You die...

.##
###...##.#.##...#
..###....###.#.
###.#
......##.......#
#.##
#.#...#..#...###
#..#
).###......#.#
##.# .##
###.##...# #.## ##
#...####.# #..# #
##.###
#.########.# #
#..# #...@@.# #.#
# #.## ######.#
#.#####.# # ##.#
#.###.......#
###..#
#......######
....## #..##..#
....###
######.###.#
###...####
##.[>...# #.#
###....###......##
#.##
####.##...######
#..#


You could see Terence.

Vanquished Creatures
  2 worms (D:2)
  A dart slug (D:1)
  6 bats (D:1)
  4 endoplasms
  2 giant cockroaches (D:1)
  9 goblins
  2 hobgoblins
  4 jackals (D:1)
  2 quokkas (D:2)
  A frilled lizard (D:1)
  3 kobolds (D:1)
  7 rats
43 creatures vanquished.

Vanquished Creatures (others)
  A ball python (D:1)
1 creature vanquished.

Grand Total: 44 creatures vanquished

Notes
Turn   | Place    | Note
-------+----------+-------------------------------------------
     0 | D:1      | promet the Demigod Earth Elementalist began the quest for
                  | the Orb.
     0 | D:1      | Reached XP level 1. HP: 14/14 MP: 5/5
   656 | D:1      | You fall into a shaft and drop 1 floor!
   820 | D:1      | Reached XP level 2. HP: 22/22 MP: 5/7
  2007 | D:1      | Reached skill level 3 in Earth Magic
  2127 | D:1      | Reached XP level 3. HP: 24/27 MP: 8/8
  2228 | D:1      | Reached skill level 1 in Fighting
  2603 | D:2      | Noticed Terence
  3155 | D:2      | Killed from afar by Terence

Illustrated notes

Levels and vault maps discovered:
D:1:      dpeg_arrival_subterranean_lakeside_camping, layout_loops_ring
D:2:      layout_rooms, reono_crystal_passage, uniq_terence

Skill      XL: |  1  2  3 |
---------------+----------+-----
Spellcasting   | 2 |  2.2
Dodging        | 2 |  2.0
Earth Magic    | 3 |  3.0
Fighting       | 1 |  1.0
Maces & Flails | |  0.6
Ranged Weapons | |  0.5
Stealth        | |  1.9
Unarmed Combat | |  0.5
Transmutations | |  0.8

Action                     || total
---------------------------++-------
  Melee: Unarmed           ||    77
         Mace              ||    37
         Flail             ||    22
         Dagger            ||     9
   Fire: Sling             ||     2
   Cast: Sandblast         ||    41
    Use: Scroll            ||     5
         Potion            ||     1
   Stab: Sleeping          ||     5
 Armour: Robe              ||   120
  Dodge: Dodged            ||   139

Table legend: (Time is in decaauts)
 A = Elapsed time spent in this place.
 B = Non-inter-level travel time spent in this place.
 C = Inter-level travel time spent in this place.
 D = Time resting spent in this place.
 E = Time spent auto-exploring this place.
 F = Levels seen in this place.
 G = Mean time per level.
                   A        B        C        D        E       F      G
               +--------+--------+--------+--------+--------+-----+--------+
         Total |   3198 |   3170 |     28 |   1697 |    598 |   2 | 1599.0 |
       Dungeon |   3198 |   3170 |     28 |   1697 |    598 |   2 | 1599.0 |
               +--------+--------+--------+--------+--------+-----+--------+

Top non-repeatable levels by time:
     D:1: 2540 daAuts
     D:2: 658 daAuts
